 Dungeon Crawl Stone Soup version 0.17-a0-1951-g62301d3 (webtiles) character file.

4012 brucemayne the Severer (level 10, -21/86 HPs)
             Began as a Hill Orc Berserker on Oct 2, 2015.
             Was a Priest of Trog.
             Demolished by a hill giant
             ... wielding a +0 giant spiked club
              (29 damage)
             ... on level 11 of the Dungeon.
             The game lasted 00:18:04 (3287 turns).

brucemayne the Severer (Hill Orc Berserker)         Turns: 3287, Time: 00:18:05

Health: -21/86     AC: 14    Str: 23    XL:     10   Next: 23%
Magic:  10/10      EV:  6    Int:  8    God:    Trog [***...]
Gold:   323        SH:  3    Dex: 10    Spells: 0 memorised, 9 levels left

rFire  . . .     SeeInvis .     a - +0 hand axe (chop)
rCold  . . .     Clarity  .     w - +0 plate armour
rNeg   + . .     SustAt   +     B - +0 buckler
rPois  .         Gourm    .     (no helmet)
rElec  .         Spirit   .     d - +1 cloak
rCorr  .         Warding  +     (no gloves)
rMut   .         Stasis   .     (no boots)
MR     .....                    c - amulet of warding
Stlth  ..........               y - ring of sustain attributes
                                u - ring of invisibility

@: lethally poisoned (-21 -> -27), about to teleport, not resistant to hostile
enchantments, extremely unstealthy
A: no striking features
a: Burn Spellbooks, Berserk, Trog's Hand, Renounce Religion, Evoke Invisibility


You were on level 11 of the Dungeon.
You worshipped Trog.
Trog was most pleased with you.
You were not hungry.

You visited 1 branch of the dungeon, and saw 12 of its levels.

You collected 323 gold pieces.

Inventory:

Hand weapons
 a - a +0 hand axe of chopping (weapon)
 g - a +0 blowgun
 m - a +0 greatsling
 H - a +3 dagger of chaos
Missiles
 l - 2 needles of frenzy
 v - 13 poisoned needles
Armour
 b - a +0 animal skin
 d - a +1 cloak (worn)
 e - a +0 ring mail
 t - a +0 shield
 w - a +0 plate armour (worn)
 B - a +0 buckler (worn)
Jewellery
 c - an amulet of warding (around neck)
 u - a ring of invisibility (left hand)
 y - a ring of sustain attributes (right hand)
Magical devices
 p - a wand of fireball (6)
 x - a wand of paralysis (0)
 E - a wand of disintegration (7)
Scrolls
 k - 2 scrolls of recharging
 q - a scroll of noise
 s - a scroll of remove curse
 A - a scroll of enchant armour
Potions
 f - 2 potions of flight
 h - a potion of berserk rage {unknown}
 i - a potion of haste {unknown}
 j - a potion of magic {unknown}
 n - a potion of cancellation {unknown}
 r - a potion of ambrosia {unknown}
 D - a potion of curing {unknown}
Books
 z - the Papyrus of Malediction
   (You found it on level 9 of the Dungeon)

   Spells                             Type                      Level
   a - Confusing Touch                Hexes                        2
   b - Summon Guardian Golem          Hexes/Summoning              3
   c - Confuse                        Hexes                        3
   d - Invisibility                   Hexes                        6
   Trog disapproves of the use of such an item.
Comestibles
 o - a bread ration
 F - a slice of pizza
 G - 10 fruits
 I - 3 chunks of flesh
 J - a royal jelly


   Skills:
 - Level 7.0 Fighting
 + Level 16.1 Axes
 - Level 5.1 Armour
 - Level 1.5 Dodging


You had 9 spell levels left.
You didn't know any spells.

Dungeon Overview and Level Annotations

Branches:
Dungeon (12/15)              Lair (0/8) D:10
 Temple: D:4-7          Orc: D:9-12

Altars:
Ashenzari
Dithmenos
Fedhas
Gozag
Makhleb
Nemelex Xobeh
Okawaru
Sif Muna
Zin


Message History

Drink which item? (? for menu, Esc to quit)
Okay, then.
Drink which item? (? for menu, Esc to quit)
Okay, then.
Evoke which item? (* to show all) (? for menu, Esc to quit)
Okay, then.
Read which item? (? for menu, Esc to quit)
As you read the scroll labeled BOUW GENOLU, it crumbles to dust.
You feel strangely unstable.
It was a scroll of teleportation.
You feel sick.
The killer bee stings you but does no damage. x2
The killer bee stings you.
* * * LOW HITPOINT WARNING * * *
The killer bee stings you but does no damage. x2
The killer bee closely misses you.
The killer bee stings you but does no damage.
You block the killer bee's attack. The killer bee stings you.
* * * LOW HITPOINT WARNING * * *
You block the killer bee's attack.
The hill giant hits you with a giant spiked club!!
You die...

........# ..##.####
..##.# .....#
..#### ..#########
#########
..##......# ...y...
..........#
#yyC#.#### ......#
#.### #y@y.....#
......#
#.....h.y.#.##.#
..##..###.###.#####
..##......###
####.......##
###.......#
#.........#
............######
.##.#............#


You could see a hill giant, a hound and 6 killer bees.

Vanquished Creatures
  The ghost of asdu the Arsonist, an experienced DEFE of Sif Muna (D:10)
  Psyche (D:10)
  A two-headed ogre (D:10)
  A wyvern (D:10)
  2 hungry ghosts (D:7)
  An orc warrior (D:8)
  A sky beast (D:8)
  7 ogres
  4 ice beasts
  3 centaurs
  A big kobold (D:7)
  A giant frog (D:11)
  A wyvern skeleton (D:11)
  2 scorpions (D:8)
  3 killer bees (D:11)
  A gnoll shaman (D:8)
  3 orc wizards
  5 crimson imps
  3 orc priests
  2 hounds
  A centaur skeleton (D:9)
  4 giant frog skeletons
  7 worker ants
  6 adders
  6 gnolls (D:8)
  A shadow imp (D:8)
  An ooze (D:3)
  An adder skeleton (D:5)
  2 giant geckos
  12 orcs
  A ball python (D:2)
  5 giant cockroaches
  8 kobolds
  4 quokkas
  2 bats
  A giant gecko zombie (D:5)
  4 giant newts
  A rat (D:2)
111 creatures vanquished.

Notes
Turn   | Place    | Note
--------------------------------------------------------------
     0 | D:1      | brucemayne the Hill Orc Berserker began the quest for the Orb.
     0 | D:1      | Reached XP level 1. HP: 19/19 MP: 1/1
   195 | D:2      | Reached XP level 2. HP: 24/26 MP: 2/2
   196 | D:2      | Found an opulent altar of Gozag.
   297 | D:4      | Noticed an ogre
   303 | D:4      | Reached skill level 5 in Axes
   310 | D:4      | Reached skill level 6 in Axes
   310 | D:4      | Reached XP level 3. HP: 31/31 MP: 3/3
   311 | D:4      | Reached XP level 4. HP: 39/39 MP: 4/4
   380 | D:4      | Killed an ogre
   380 | D:4      | Reached skill level 7 in Axes
   380 | D:4      | Reached XP level 5. HP: 45/45 MP: 5/5
   427 | D:3      | Acquired Trog's second power
   477 | D:5      | Entered Level 5 of the Dungeon
   523 | D:5      | Reached skill level 8 in Axes
   526 | D:5      | Reached XP level 6. HP: 51/51 MP: 6/6
   638 | D:5      | Noticed an ogre
   656 | D:5      | Killed an ogre
   656 | D:5      | Reached skill level 9 in Axes
   819 | D:4      | Noticed a phantom
   847 | D:5      | Noticed an ice beast
   864 | D:5      | Killed an ice beast
   864 | D:5      | Reached skill level 10 in Axes
   864 | D:5      | Reached XP level 7. HP: 35/57 MP: 7/7
  1105 | D:7      | Reached skill level 5 in Fighting
  1105 | D:7      | Reached skill level 11 in Axes
  1171 | D:7      | Reached XP level 8. HP: 52/68 MP: 8/8
  1234 | D:7      | Noticed a hungry ghost
  1267 | D:7      | Killed a hungry ghost
  1333 | D:7      | Reached skill level 12 in Axes
  1383 | D:7      | Noticed a hungry ghost
  1436 | D:7      | Killed a hungry ghost
  1593 | D:6      | Reached skill level 13 in Axes
  1818 | D:8      | Reached XP level 9. HP: 57/74 MP: 9/9
  1867 | D:8      | Found a deep blue altar of Sif Muna.
  1867 | D:8      | Found a sparkling altar of Nemelex Xobeh.
  1867 | D:8      | Found a burning altar of Makhleb.
  1867 | D:8      | Found a shadowy altar of Dithmenos.
  1874 | D:8      | Found a blossoming altar of Fedhas.
  1874 | D:8      | Found an iron altar of Okawaru.
  1894 | D:8      | Reached skill level 14 in Axes
  2597 | D:9      | Found a shattered altar of Ashenzari.
  2648 | D:9      | Identified the Papyrus of Malediction
  2754 | D:9      | Found a glowing silver altar of Zin.
  2774 | D:10     | Entered Level 10 of the Dungeon
  2842 | D:10     | Found a staircase to the Lair.
  2881 | D:10     | Noticed asdu's ghost (experienced DEFE)
  2898 | D:10     | Killed asdu's ghost
  2898 | D:10     | Reached skill level 5 in Armour
  2934 | D:10     | Noticed Psyche
  2947 | D:10     | Killed Psyche
  2947 | D:10     | Reached skill level 15 in Axes
  2953 | D:10     | Reached XP level 10. HP: 79/86 MP: 10/10
  3222 | D:11     | Reached skill level 16 in Axes
  3278 | D:12     | Noticed a hill giant
  3286 | D:11     | Noticed a hill giant
  3287 | D:11     | Demolished by a hill giant

Vault maps used:
D:1:      eino_arrival_water_star
D:2:      lemuel_crystal_altar
D:3:      lemuel_zombie_altar_kikubaaqudgha
D:4:      moated_statue
D:5:      kennysheep_mini, first_bread, minmay_misc_feat_tiny,
          minmay_misc_feat_cross
D:7:      temple_hall, solitary_fountain
D:8:      minmay_overflow_temple_hex, serial_shops, shop
D:9:      zin_treasury, ashenzari_altar_1
D:10:     dpeg_oklobed_lair, hangedman_little_slice_of_home, uniq_maurice,
          uniq_psyche
D:11:     erik_orc_1, enter_trove_5, uniq_erica, uniq_josephine

Action                   |  1- 3 |  4- 6 |  7- 9 | 10-12 || total
-------------------------+-------+-------+-------+-------++-------
Melee: Hand axe          |    44 |   113 |   358 |    78 ||   593
Invok: Berserk           |     1 |     4 |    10 |       ||    15
       Trog's Hand       |       |     2 |     3 |     1 ||     6
Evoke: Wand              |       |       |     7 |     1 ||     8
  Use: Scroll            |       |       |     7 |     2 ||     9
       Potion            |       |       |     2 |       ||     2
 Stab: Invisible         |       |       |     4 |       ||     4
       Paralysed         |       |       |     3 |       ||     3
  Eat: Chunk             |       |     4 |    13 |     2 ||    19
       Bread ration      |       |       |     5 |       ||     5
       Pizza             |       |       |     2 |       ||     2
       Fruit             |       |       |     3 |       ||     3
       Royal jelly       |       |       |     1 |       ||     1
